 Dungeon Crawl Stone Soup version 0.30.0-10-gfe55d96785 (webtiles) character file.

Game seed: 8746909161687306657

11 qw the Chopper (level 2, 0/19 HPs)
             Began as a Gargoyle Cinder Acolyte on May 17, 2023.
             Was a High Priest of Ignis.
             Slain by a gnoll
             ... wielding a +0 spear
              (6 damage)
             ... on level 1 of the Dungeon.
             The game lasted 00:00:08 (267 turns).

qw the Chopper (Gargoyle Cinder Acolyte)             Turns: 267, Time: 00:00:09

Health: 0/19       AC:  4    Str: 17    XL:     2   Next: 29%
Magic:  3/3        EV:  8    Int: 14    God:    Ignis [*****.]
Gold:   9          SH:  0    Dex:  5    Spells: 3/3 levels left

rFire   + . .        a - -1 hand axe (flame)
rCold   . . .        (no shield)
rNeg    + . .        b - +0 robe
rPois   inf          (no helmet)
rElec   +            (no cloak)
rCorr   .            (no gloves)
SInv    .            (no boots)
Will    .....        (no amulet)
Stlth   +            (no ring)
HPRegen 0.23/turn    (no ring)
MPRegen 0.08/turn

%: no passive effects
@: constricted
A: sickness immunity, AC +2, negative energy resistance 1, electricity
resistance, torment resistance 1, petrification resistance
a: Renounce Religion, Fiery Armour, Foxfire Swarm, Rising Flame


You were on level 1 of the Dungeon.
You worshipped Ignis.
Ignis was extremely pleased with you.
You visited 1 branch of the dungeon, and saw 1 of its levels.

You collected 9 gold pieces.


Innate Abilities, Weirdness & Mutations

You are immune to sickness and miasma.
Your stone body is resilient. (AC +2)
You are immune to poison.
You resist negative energy. (rN+)
You are resistant to electric shocks. (rElec)
You are resistant to unholy torment.
You are immune to petrification.


   Skills:
 - Level 3.2 Fighting
 + Level 3.3 Axes
 - Level 1.0 Spellcasting
 - Level 3.0 Fire Magic


You had 3 spell levels left.
You didn't know any spells.
Your spell library contained the following spells:

 Spells                   Type           Power      Damage    Failure   Level
 Scorch                   Fire           18%        2d6       12%         2

Inventory:

Hand Weapons
 a - a -1 hand axe of flaming (weapon)
Armour
 b - a +0 robe (worn)
Potions
 c - 2 potions of magic {unknown}
 d - a potion of degeneration {unknown}

Dungeon Overview and Level Annotations

Branches:
Dungeon (1/15)

Altars:


Message History

You now have 9 gold pieces.
A bat comes into view.
The bat barely misses you.
You closely miss the bat. The bat hits you but does no damage.
The bat closely misses you.
You hit the bat. You burn the bat.
The bat is severely wounded.
The bat closely misses you. The bat barely misses you.
You hit the bat. You burn the bat.
You kill the bat!
You see here a bat corpse.
You open the door. 2 ball pythons and a gnoll come into view.
The ball python hisses angrily. x2; The gnoll shouts!
Found a stone staircase leading down.
There is an open door here.
You closely miss the ball python. You hit the ball python.
You burn the ball python.
You kill the ball python!
The gnoll hits you from afar with a +0 spear.
The ball python bites you. The ball python barely misses you.
You hit the ball python but do no damage.
The ball python misses you. The ball python barely misses you.
The gnoll hits you but does no damage.
You hit the ball python. You burn the ball python.
The ball python is severely wounded.
The ball python closely misses you. x2; The gnoll hits you but does no damage.
The ball python barely misses you. The ball python misses you.
You barely miss the ball python.
The ball python is severely wounded.
The gnoll closely misses you.
The ball python bites you but does no damage.
The ball python barely misses you.
You completely miss the ball python.
The ball python is severely wounded.
The gnoll hits you from afar with a +0 spear!
The ball python barely misses you. The ball python grabs you.
The ball python constricts you.
The gnoll hits you from afar with a +0 spear.
You die...

##.......##
#.........#
+.........+
#.........#
#.......#
#.g.>.#
#S%.# #@#
#.# #.#
##.##
##...######
#.........#
##..#####.#
##.#
#.####.#
###.#
#......#


You could see a gnoll and a ball python.

Vanquished Creatures
  2 endoplasms (D:1)
  A giant cockroach (D:1)
  3 goblins (D:1)
  3 ball pythons (D:1)
  A bat (D:1)
  A rat (D:1)
11 creatures vanquished.

Notes
Turn   | Place    | Note
-------+----------+-------------------------------------------
     0 | D:1      | qw the Gargoyle Cinder Acolyte began the quest for the Orb.
     0 | D:1      | Reached XP level 1. HP: 14/14 MP: 2/2
     0 | D:1      | 0 ||| qw: Version: 0.2-a-95-g4c1bab1
     0 | D:1      | 0 ||| qw: Game counter: 113
     0 | D:1      | 0 ||| qw: Always use a shield: true
     0 | D:1      | 0 ||| qw: God list: Okawaru
     0 | D:1      | 0 ||| qw: Allow faded altars: false
     0 | D:1      | 0 ||| qw: Do Orc after D:15 true
     0 | D:1      | 0 ||| qw: Do second Lair branch before Depths: true
     0 | D:1      | 0 ||| qw: Lair rune preference: random
     0 | D:1      | 0 ||| qw: Plans: Normal
     0 | D:1      | 0 ||| PLANNING D:1-11
   168 | D:1      | Reached skill level 3 in Axes
   173 | D:1      | Reached XP level 2. HP: 19/19 MP: 3/3
   267 | D:1      | Slain by a gnoll

Levels and vault maps discovered:
D:1:      lightli_arrival_maybe_door_vault, layout_loops_corners,
          minmay_gold_behind_fungi

Skill      XL: |  1 |
---------------+----+-----
Axes           | 3 |  3.3
Fighting       | |  3.2
Spellcasting   | |  1.0
Fire Magic     | |  3.0

Action                     || total
---------------------------++-------
  Melee: Hand axe          ||    28
 Armour: Robe              ||    10
  Dodge: Dodged            ||    22

Table legend:
 A = Non-vault XP
 B = Vault XP
 C = Vault XP percentage of total XP
 D = Non-vault monster count
 E = Vault monster count
 F = Vault count percentage of total count
                 A         B        C        D         E       F
            +---------+---------+-------+---------+---------+-------
      Total |      17 |       0 |   0.0 |      11 |       0 |   0.0
            +---------+---------+-------+---------+---------+-------
        D:1 |      17 |       0 |   0.0 |      11 |       0 |   0.0
            +---------+---------+-------+---------+---------+-------
